 Dungeon Crawl Stone Soup version 0.29-a0-555-g3b24f45cc1 (webtiles) character file.

Game seed: 942479264213801157

2681 Aapotti the Cleaver (level 9, -3/97 (117) HPs)
             Began as a Hill Orc Berserker on Mar 27, 2021.
             Was a Priest of Trog.
             Slain by a wight
             ... wielding a +0 scimitar
              (4 damage)
             ... on level 7 of the Dungeon on June 8, 2022.
             The game lasted 00:27:10 (8632 turns).

Aapotti the Cleaver (Hill Orc Berserker)            Turns: 8632, Time: 00:27:12

HP:   -3/97 (117)   AC:  8    Str: 20 (23) XL:     9   Next: 64%
MP:   9/9           EV: 11    Int:  4 (7)  God:    Trog [***...]
Gold: 226           SH:  0    Dex:  9 (10) Spells: 8/8 levels left

rFire   . . .      SeeInvis .   j - +2 dagger (venom)
rCold   . . .      Faith    .   (no shield)
rNeg    . . .      Spirit   .   t - +0 ring mail
rPois   .          Reflect  .   i - +0 helmet
rElec   .          Harm     .   (no cloak)
rCorr   .          Rampage  .   (no gloves)
Will    .....                   m - +0 pair of boots
Stlth   ..........              (no amulet)
HPRegen 0.26/turn               (no ring)
MPRegen 0.11/turn               (no ring)

@: berserking (expiring), heavily drained, very quick
A: no striking features
a: Renounce Religion, Berserk, Trog's Hand


You were on level 7 of the Dungeon.
You worshipped Trog.
Trog was most pleased with you.
You visited 1 branch of the dungeon, and saw 7 of its levels.

You collected 226 gold pieces.

Inventory:

Hand Weapons
 j - a +2 dagger of venom (weapon)
 q - a +1 hand axe of flaming
 v - a +4 vorpal dire flail
Missiles
 c - 27 bolts
 l - 6 poisoned darts (quivered)
 y - 4 boomerangs
Armour
 i - a +0 helmet (worn)
 m - a +0 pair of boots (worn)
 t - a +0 ring mail (worn)
Jewellery
 p - a ring of ice
 F - a ring of magical power
Wands
 o - a wand of flame (1)
 B - a wand of iceblast (5)
Scrolls
 b - 4 scrolls of noise
 e - 4 scrolls of identify {unknown}
 f - a scroll of enchant weapon
 g - a scroll of amnesia {unknown}
 k - 2 scrolls of brand weapon {unknown}
 s - a scroll of magic mapping {unknown}
 w - a scroll of blinking
 C - a scroll of fog
 D - 2 scrolls of fear {unknown}
Potions
 a - a potion of ambrosia {unknown}
 d - a potion of magic
 n - 2 potions of attraction {unknown}
 r - a potion of heal wounds
 u - a potion of flight {unknown}
 x - a potion of haste {unknown}
 z - 2 potions of curing {unknown}
 A - a potion of might {unknown}
 E - a potion of brilliance {unknown}


   Skills:
 + Level 6.7 Fighting
 * Level 11.4 Axes
 + Level 3.9 Throwing
 + Level 5.8 Armour
 + Level 4.1 Dodging
 + Level 1.3 Stealth
 - Level 1.7 Evocations


You had 8 spell levels left.
You didn't know any spells.
Your spell library was empty.

Dungeon Overview and Level Annotations

Branches:
Dungeon (7/15)             Temple (0/1) D:5

Altars:
Elyvilon
Gozag
Hepliaklqana
Makhleb
Nemelex Xobeh
Trog

Annotations:
D:3 2 transporters, Heedrag's ghost, novice DECj


Message History

The wight is heavily damaged.
You puncture the wight!
You destroy the wight!
Trog accepts your kill. The wight hits you with a +2 flail!
You hit the wight but do no damage. The wight hits you with a +0 mace!
You feel drained. The wight hits you with a +2 flail.
You puncture the wight!
The wight is heavily damaged.
You puncture the wight!
You destroy the wight!
Trog accepts your kill. The wight closely misses you.
You hit the wight but do no damage. The wight barely misses you.
The wight hits you with a +0 scimitar.
You hit the wight.
The wight is lightly damaged.
You hit the wight.
The wight is heavily damaged.
The wight barely misses you. The wight hits you with a +2 flail.
* * * LOW HITPOINT WARNING * * *
You hit the wight.
The wight is severely damaged.
The wight completely misses you. The wight barely misses you.
The wight hits you with a +1 flail of freezing!
* * * LOW HITPOINT WARNING * * *
You feel drained.
* * * LOW HITPOINT WARNING * * *
The wight freezes you.
* * * LOW HITPOINT WARNING * * *
You barely miss the wight.
The wight is severely damaged.
You barely miss the wight.
The wight is severely damaged.
The wight hits you with a +2 flail!
* * * LOW HITPOINT WARNING * * *
The wight hits you but does no damage. The wight hits you with a +0 scimitar!
* * * LOW HITPOINT WARNING * * *
You feel drained.
You die...

.... !.. ...
## #.. ..
#.#
#.##.######.
#..zzz......
#@# #.# #.#
... #(. ####


You could see 3 wights.

Vanquished Creatures
  Pikel (D:6)
  Eustachio (D:6)
  Edmund (D:4)
  Menkaure (D:5)
  An ice beast (D:6)
  2 black bears
  A sky beast (D:6)
  2 ogres (D:6)
  4 lemures (D:6)
  A bullfrog (D:6)
  2 necrophages
  3 scorpions
  2 wights (D:7)
  3 killer bees (D:7)
  7 hounds
  A gnoll shaman (D:6)
  4 orc priests
  4 iguanas
  2 orc wizards
  Robin (D:4)
  4 adders
  3 gnolls (D:3)
  A white imp (D:6)
  An ufetubus (D:6)
  4 worms
  5 dart slugs
  13 orcs
  7 bats
  5 endoplasms
  7 giant cockroaches
  15 goblins
  11 hobgoblins
  2 jackals (D:2)
  3 quokkas
  2 training dummies (D:4)
  7 ball pythons
  A frilled lizard (D:2)
  2 kobolds
  4 rats
141 creatures vanquished.

Notes
Turn   | Place    | Note
-------+----------+-------------------------------------------
     0 | D:1      | Aapotti the Hill Orc Berserker began the quest for the Orb.
     0 | D:1      | Reached XP level 1. HP: 19/19 MP: 1/1
   124 | D:1      | Reached XP level 2. HP: 16/27 MP: 2/2
  1115 | D:1      | Reached XP level 3. HP: 33/33 MP: 3/3
  1668 | D:2      | Reached skill level 5 in Axes
  1889 | D:2      | Upgraded the game from 0.27-a0-795-ge5c3fa52fd to
                  | 0.27-a0-1060-gcb85b5eba1
  1889 | D:2      | Upgraded the game from 0.27-a0-1060-gcb85b5eba1 to
                  | 0.29-a0-555-g3b24f45cc1
  2369 | D:2      | Reached ** piety under Trog
  2473 | D:3      | Reached XP level 4. HP: 40/40 MP: 4/4
  2935 | D:3      | Reached XP level 5. HP: 39/46 MP: 5/5
  3042 | D:3      | Found a transporter.
  3042 | D:3      | Noticed Heedrag's ghost (novice DECj)
  3046 | D:3      | Found a transporter.
  3072 | D:3      | Found a burning altar of Makhleb.
  3920 | D:4      | Noticed Robin
  3929 | D:4      | Killed Robin
  3930 | D:4      | Reached skill level 6 in Axes
  4074 | D:4      | Noticed a black bear
  4091 | D:4      | Killed a black bear
  4092 | D:4      | Reached XP level 6. HP: 47/53 MP: 6/6
  4287 | D:4      | HP: 1/53 [iguana (4)]
  4830 | D:4      | Found a white marble altar of Elyvilon.
  4847 | D:4      | Reached skill level 1 in Throwing
  4852 | D:4      | Reached skill level 7 in Axes
  4982 | D:4      | Reached XP level 7. HP: 32/60 MP: 7/7
  5176 | D:4      | Reached skill level 1 in Stealth
  5205 | D:4      | Found a sparkling altar of Nemelex Xobeh.
  5266 | D:4      | Reached skill level 5 in Fighting
  5304 | D:4      | Noticed Edmund
  5314 | D:4      | Killed Edmund
  5373 | D:4      | Reached skill level 8 in Axes
  5691 | D:5      | Entered Level 5 of the Dungeon
  5728 | D:5      | Found a bloodstained altar of Trog.
  5766 | D:5      | Found a staircase to the Ecumenical Temple.
  5822 | D:5      | Found an opulent altar of Gozag.
  5851 | D:5      | Noticed Menkaure
  5855 | D:5      | Killed Menkaure
  5856 | D:5      | Reached XP level 8. HP: 69/69 MP: 8/8
  5894 | D:5      | Reached *** piety under Trog
  6376 | D:5      | Reached skill level 9 in Axes
  6774 | D:6      | Found a hazy altar of Hepliaklqana.
  6798 | D:6      | Reached skill level 1 in Evocations
  6974 | D:6      | Noticed Pikel
  7052 | D:6      | Killed Pikel
  7053 | D:6      | Reached skill level 10 in Axes
  7053 | D:6      | Reached skill level 5 in Armour
  7053 | D:6      | Reached XP level 9. HP: 41/75 MP: 9/9
  7472 | D:6      | Reached skill level 11 in Axes
  7484 | D:6      | Identified the +0 leather armour "Ygu Wiopp" {Str+2}
  7648 | D:6      | Noticed Eustachio
  7663 | D:6      | Killed Eustachio
  8632 | D:7      | HP: 1/100 [wight/+0 scimitar (9)]
  8632 | D:7      | Slain by a wight

Illustrated notes

Levels and vault maps discovered:
D:1:      dpeg_arrival_subterranean_lakeside_camping, layout_loops_corners,
          minmay_tetromino_l2
D:2:      layout_loops_ring
D:3:      layout_rooms, lightli_temple_of_fire, gammafunk_ghost_arena
D:4:      dreamdust_elfheim, layout_basic, nemelex_altar_shiori,
          elyvilon_altar_3, uniq_robin, uniq_edmund
D:5:      layout_loops_ring, kennysheep_mini, old_standard_altar,
          minmay_temple_entry_drinking_statues, grunt_ministairs_1,
          corexii_corridor_pit, uniq_menkaure
D:6:      layout_basic, mainiacjoe_overflow_paths, st_stairs_11, minivault_26,
          grunt_ministairs_15, uniq_eustachio, uniq_pikel
D:7:      old_forge, layout_loops_ring, fedhas_altar_3,
          nicolae_overflow_crystal_walls, nicolae_ashenzari_skybound,
          uniq_maggie

Skill      XL: |  1  2  3  4  5  6  7  8  9 |
---------------+----------------------------+-----
Fighting       | 4 5 6 |  6.7
Dodging        | 2 3 4 |  4.1
Axes           | 5 6 7 8 10 11 | 11.4
Armour         | 3 4 5 |  5.8
Throwing       | 1 2 3 |  3.9
Stealth        | 1 |  1.3
Evocations     | 1 |  1.7

Action                   |  1- 3 |  4- 6 |  7- 9 || total
-------------------------+-------+-------+-------++-------
Melee: Hand axe          |   104 |   163 |   219 ||   486
       Punch             |       |       |     7 ||     7
       Dagger            |       |       |    42 ||    42
Throw: Dart              |       |    31 |    32 ||    63
Invok: Berserk           |     5 |     4 |     4 ||    13
       Trog's Hand       |       |     3 |       ||     3
Evoke: Wand              |       |     1 |    13 ||    14
  Use: Scroll            |       |     6 |       ||     6
       Potion            |       |       |     3 ||     3
Armor: Animal skin       |     6 |       |       ||     6
       Leather armour    |    17 |    31 |       ||    48
       Ring mail         |       |     2 |    82 ||    84
Dodge: Dodged            |    66 |    84 |   129 ||   279

Table legend: (Time is in decaauts)
 A = Elapsed time spent in this place.
 B = Non-inter-level travel time spent in this place.
 C = Inter-level travel time spent in this place.
 D = Time resting spent in this place.
 E = Time spent auto-exploring this place.
 F = Levels seen in this place.
 G = Mean time per level.
                   A        B        C        D        E       F      G
               +--------+--------+--------+--------+--------+-----+--------+
         Total |   8701 |   8451 |    250 |   2486 |   4424 |   7 | 1243.0 |
       Dungeon |   8701 |   8451 |    250 |   2486 |   4424 |   7 | 1243.0 |
               +--------+--------+--------+--------+--------+-----+--------+

Top non-repeatable levels by time:
     D:4: 2269 daAuts
     D:6: 1822 daAuts
     D:1: 1374 daAuts
     D:2: 1251 daAuts
     D:5: 1055 daAuts
     D:3: 891 daAuts
     D:7: 35 daAuts
